 Dungeon Crawl Stone Soup version 0.25-a0-410-g53dbb631d1 (webtiles) character file.

Game seed: 13481584064198211738, levelgen mode: deterministic

390659 mopl the Earth Mage (level 22, -13/181 HPs)
             Began as a Red Draconian Earth Elementalist on Jan 10, 2020.
             Was the Champion of Dithmenos.
             Blown up by Boris (69 damage)
             ... with an orb of destruction
             ... on level 3 of the Vaults on Jan 13, 2020.
             The game lasted 03:19:35 (51008 turns).

mopl the Earth Mage (DrEE)                         Turns: 51008, Time: 03:19:35

Health: -13/181    AC: 20    Str: 14    XL:     22   Next: 8%
Magic:  3/48       EV: 25    Int: 22    God:    Dithmenos [******]
Gold:   2101       SH:  5    Dex: 17    Spells: 6/48 levels left

rFire    + + .     SeeInvis .   b - staff of earth
rCold    + . .     Gourm    .   x - +0 buckler {reflect}
rNeg     + + .     Faith    .   (armour unavailable)
rPois    +         Spirit   .   o - -2 hat of the Alchemist {rElec rPois rF+ rC+ rN+ MR+ rMut rCorr}
rElec    +         Reflect  +   r - +4 cloak "Soompol" {MR+}
rCorr    +         Harm     .   C - +2 pair of gloves {archery}
rMut     +                      U - +2 pair of boots
MR       +++..                  i - amulet of regeneration
Stlth    ++++++++++             w - ring of Pessimism {rN+ MP+9 Dex+5}
HPRegen  0.80/turn              E - +5 ring of evasion
MPRegen  0.31/turn

@: wreathed by umbra, lightly drained
A: breathe fire, unfitting armour, fire resistance 1, cold-blooded, AC +11
}: 2/15 runes: serpentine, barnacled
a: Breathe Fire, Shadow Step, Shadow Form, Renounce Religion


You were on level 3 of the Vaults.
You worshipped Dithmenos.
Dithmenos was exalted by your worship.
You were not hungry.

You visited 8 branches of the dungeon, and saw 38 of its levels.

You collected 7843 gold pieces.
You spent 5742 gold pieces at shops.

Inventory:

Hand Weapons
 a - the +11 rapier of Taimynal {flame, rElec Int+2}
   (You found it on level 6 of the Lair of Beasts)

   It has been specially enchanted to burn those struck by it, causing extra
   injury to most foes and up to half again as much damage against particularly
   susceptible opponents.
   It affects your intelligence (+2).
   It insulates you from electricity.
 l - the +7 sceptre of Torment {pain, torment}
   (You acquired it on level 1 of the Vaults)

   In the hands of one skilled in necromantic magic, it inflicts extra damage on
   living creatures.
Missiles
 v - 12 boomerangs of dispersal
 D - 9 throwing nets
 K - 4 curare-tipped darts (quivered)
Armour
 o - the -2 hat of the Alchemist (worn) {rElec rPois rF+ rC+ rN+ MR+ rMut rCorr}
   (You bought it in a shop on level 2 of the Orcish Mines)

   It protects you from fire.
   It protects you from cold.
   It insulates you from electricity.
   It protects you from poison.
   It protects you from negative energy.
   It affects your resistance to hostile enchantments.
   It provides partial protection from all sources of acid and corrosion.
   It protects you from mutation.
 r - the +4 cloak "Soompol" (worn) {MR+}
   (You bought it in a shop on level 2 of the Orcish Mines)

   It affects your resistance to hostile enchantments.
 x - a +0 buckler of reflection (worn)
 C - a +2 pair of gloves of archery (worn)
 U - a +2 pair of boots (worn)
Magical Staves
 b - an uncursed staff of earth (weapon)
Jewellery
 i - an amulet of regeneration (around neck)
 w - the ring of Pessimism (left hand) {rN+ MP+9 Dex+5}
   (You took it off a kobold demonologist on level 9 of the Dungeon)

   [ring of magical power]

   It affects your dexterity (+5).
   It protects you from negative energy.
   It affects your magic capacity (+9).
 E - a +5 ring of evasion (right hand)
Wands
 e - a wand of scattershot (13)
 f - a wand of enslavement (24)
 t - a wand of disintegration (21)
 M - a wand of digging (11)
 N - a wand of acid (44)
 R - a wand of paralysis (14)
 S - a wand of iceblast (24)
 W - a wand of clouds (8)
Scrolls
 k - 11 scrolls of remove curse
 q - 3 scrolls of fear
 A - 4 scrolls of fog
 I - 7 scrolls of teleportation
 O - 2 scrolls of summoning
 Q - 5 scrolls of magic mapping
 Y - 9 scrolls of blinking
Potions
 d - 10 potions of might
 g - 10 potions of brilliance
 j - 12 potions of heal wounds
 m - 6 potions of lignification {!q}
 n - 6 potions of ambrosia
 s - 25 potions of curing
 u - 7 potions of agility
 z - 3 potions of resistance
 F - 4 potions of magic
 H - 9 potions of haste
 L - 3 potions of cancellation
 P - a potion of invisibility
 T - 2 potions of flight
Miscellaneous
 p - a phial of floods
 y - 2 boxes of beasts
 B - a lamp of fire
 J - 2 phantom mirrors
 X - a fan of gales
 Z - a lightning rod (4/4)
Comestibles
 c - 67 rations
 h - a chunk of flesh


   Skills:
 + Level 12.0(11.9) Fighting
 - Level 5.0(4.9) Short Blades
 - Level 4.5(4.4) Maces & Flails
 + Level 10.3(10.2) Dodging
 + Level 14.6(14.5) Stealth
 - Level 4.0(3.9) Shields
 + Level 13.5(13.4) Spellcasting
 + Level 14.7(14.6) Conjurations
 - Level 4.0(3.9) Summonings
 - Level 5.0(4.9) Necromancy
 - Level 2.0(1.9) Translocations
 - Level 8.0(7.9) Transmutations
 - Level 10.0(9.9) Fire Magic
 + Level 15.3(15.2) Earth Magic
 - Level 14.0(13.9) Invocations
 - Level 10.0(9.9) Evocations


You had 6 spell levels left.
You knew the following spells:

 Your Spells              Type           Power        Failure   Level  Hunger
a - Iron Shot             Conj/Erth      #######...   1%          6    #####..
b - Stone Arrow           Conj/Erth      ######       1%          3    None
c - Petrify               Tmut/Erth      #######.     1%          4    None
d - Sticky Flame          Conj/Fire      ######..     1%          4    None
e - Blink                 Tloc           N/A          3%          2    None
f - Bolt of Magma         Conj/Fire/Erth #######...   1%          5    ###....
g - Summon Butterflies    Summ           ####....     1%          1    None
i - Irradiate             Conj/Tmut      ######....   1%          5    ###....
k - Lee's Rapid Deconstr  Erth           #######...   1%          5    ###....
p - Passwall              Tmut/Erth      #######.     1%          2    None
w - Sublimation of Blood  Necr           #####.....   1%          2    None
C - Conjure Flame         Conj/Fire      ######..     1%          3    None

Your spell library contained the following spells:

 Spells                   Type           Power        Failure   Level  Hunger
 Magic Dart               Conj           ####         0%          1    None
 Sandblast                Erth           ######       0%          1    None
 Animate Skeleton         Necr           N/A          1%          1    None
 Apportation              Tloc           ###...       1%          1    None
 Beastly Appendage        Tmut           #####.       1%          1    None
 Foxfire                  Conj/Fire      ####         1%          1    None
 Pain                     Necr           ####         1%          1    None
 Sting                    Tmut/Pois      ####         1%          1    None
 Summon Small Mammal      Summ           ####         1%          1    None
 Call Imp                 Summ           ####....     1%          2    None
 Sticks to Snakes         Tmut           #####...     1%          2    None
 Dazzling Flash           Conj/Hex       #####.       1%          3    None
 Ignite Poison            Fire/Tmut/Pois #####...     1%          3    None
 Mephitic Cloud           Conj/Pois/Air  #####...     1%          3    None
 Static Discharge         Conj/Air       #####...     1%          3    None
 Vampiric Draining        Necr           #####.....   1%          3    None
 Leda's Liquefaction      Hex/Erth       ######....   1%          4    None
 Corpse Rot               Necr/Air       N/A          2%          2    None
 Spider Form              Tmut/Pois      ####......   2%          3    None
 Corona                   Hex            ##.....      4%          1    None
 Shroud of Golubria       Chrm/Tloc      ###...       4%          2    None
 Blade Hands              Tmut           #####.....   4%          5    ###....
 Dispel Undead            Necr           #####...     5%          4    None
 Statue Form              Tmut/Erth      #######..    5%          6    #####..
 Ensorcelled Hibernation  Hex/Ice        ##....       6%          2    None
 Poisonous Vapours        Pois/Air       ##....       6%          2    None
 Slow                     Hex            ##......     6%          2    None
 Swiftness                Chrm/Air       ##......     6%          2    None
 Gell's Gravitas          Tloc           ###.......   6%          3    None
 Lesser Beckoning         Tloc           ###.......   6%          3    None
 Teleport Other           Tloc           ###.....     6%          3    None
 Iskenderun's Battlesphe  Conj/Chrm      #####...     6%          5    ###....
 Lightning Bolt           Conj/Air       #####.....   6%          5    ###....
 Ice Form                 Ice/Tmut       ####....     9%          4    None
 Confusing Touch          Hex            ##......     13%         3    None
 Spectral Weapon          Hex/Chrm       ##......     13%         3    None
 Tukima's Dance           Hex            ##......     13%         3    None
 Agony                    Necr           #####...     16%         5    ###....
 Passage of Golubria      Tloc           N/A          19%         4    None
 Alistair's Intoxication  Tmut/Pois      ####....     24%         5    ###....
 Yara's Violent Unravell  Hex/Tmut       ####......   24%         5    ###....
 Cause Fear               Hex            ##........   38%         4    None
 Excruciating Wounds      Chrm/Necr      ####......   41%         5    ###....
 Death Channel            Necr           #####.....   65%         6    #####..
 Eringya's Noxious Bog    Tmut/Pois      ####......   78%         6    #####..
 Darkness                 Hex            ##........   100%        6    #####..
 Invisibility             Hex            ##......     100%        6    #####..
 Orb of Destruction       Conj           ######....   9%          7    ######.
 Spellforged Servitor     Conj/Summ      ######....   61%         7    ######.
 Dragon Form              Tmut           #####.....   80%         7    ######.
 Ignition                 Fire           ######....   99%         8    #######
 Discord                  Hex            ##........   100%        8    #######
 Dragon's Call            Summ           ####......   100%        9    #######
 Shatter                  Erth           #######...   100%        9    #######


Dungeon Overview and Level Annotations

Branches:
Dungeon (15/15)            Temple (1/1) D:4            Lair (6/6) D:9
 Shoals (4/4) Lair:3        Snake (4/4) Lair:4        Slime (0/5) Lair:6
    Orc (2/2) D:12            Elf (3/3) Orc:2        Vaults (3/5) D:14
 Depths (0/5) D:15
  Crypt: Vaults:2-3

Altars:
Ashenzari
Cheibriados
Dithmenos
Elyvilon
Fedhas
Gozag
Hepliaklqana
Makhleb
Nemelex Xobeh
Okawaru
Qazlal
Ru
Sif Muna
Trog
Uskayaw
Vehumet
Wu Jian
Xom
Yredelemnul
Zin

Shops:
Orc:1 *   Orc:2 =(*[   Elf:2 =   Elf:3 ?   Shoals:3 %   Vaults:1 !*
Vaults:2 !=%

Annotations:
Lair:2 1 runed translucent door, Irchumiyd's ghost, journeyman DEAE
Shoals:2 mut
Snake:1 1 runed translucent door, EnegeticOcto's ghost, journeyman VSVM
Elf:3 mut + atropa
Vaults:3 Boris


Innate Abilities, Weirdness & Mutations

You can breathe blasts of fire.
Your fiery red scales are hard. (AC +11)
You cannot fit into any form of body armour.
Your flesh is heat resistant. (rF+)
You are cold-blooded and may be slowed by cold attacks.


Message History

Unknown command.
Unknown command.
You barely miss something. You tail-slap something. Something hits you!!
You emit a cloud of dark smoke.
Something touches you but does no damage.
Unknown command.
You hit something but do no damage. You crush something.
You tail-slap something. Something misses you. Something touches you!
You hit something but do no damage. You crush something!
Your shadow barely misses something.
You hear some strange, mumbled words.
A bolt of cold appears from out of thin air!
The bolt of cold hits you!! You resist.
Something conjures a glowing orb.
An orb of destruction comes into view.
You hear some strange, mumbled words.
An iron shot appears from out of thin air!
The iron shot hits you!!! The orb of destruction hits you!!!
You die...

..... #..#
#...###..#
...##)##§§.#
#....§§{#
#######§###
#..○...#
#..○...#
#..○...#
#.@....#
#.<...)#
#......#
#......#
########


There were no monsters in sight!

Vanquished Creatures
  Boris (Vaults:2)
  Vashnia (Snake:1)
  Bai Suzhen (Snake:4)
  Rupert (D:14)
  Asterion (Vaults:2)
  2 deep elf blademasters (Elf:3)
  A deep elf master archer (Elf:3)
  Kirke (D:12)
  2 krakens
  Roxanne (Shoals:2)
  8 nagarajas
  2 fire giants
  Aizul (Snake:1)
  7 vault wardens
  5 deep elf elementalists (Elf:3)
  An orc warlord (Orc:2)
  The ghost of Syvvoagh the Eclecticist, an adept DENe of Kikubaaqudgha (Vaults:1)
  4 very ugly things (Vaults:2)
  10 deep elf sorcerers
  9 ironheart preservers
  A stone giant (Vaults:1)
  Nessos (D:12)
  6 deep elf demonologists (Elf:3)
  Azrael (Snake:2)
  9 deep elf annihilators
  An ettin (Vaults:1)
  10 merfolk impalers
  2 merfolk javelineers (Shoals:4)
  3 deep elf death magi
  2 green deaths (Snake:2)
  2 fire dragons (Vaults:1)
  2 great orbs of eyes
  6 deep elf high priests (Elf:3)
  4 rakshasas
  9 vault guards
  3 ice dragons
  4 yaktaur captains
  5 merfolk avatars
  The ghost of Calas the Carver, a novice MiGl of Okawaru (D:11)
  11 hydras
  A catoblepas (Lair:6)
  10 anacondas
  2 death knights
  12 two-headed ogres
  10 naga warriors
  4 merfolk aquamancers (Shoals:2)
  10 centaur warriors
  2 alligator snapping turtles
  9 death yaks
  6 ogre magi
  2 deep troll shamans
  A tengu warrior (D:14)
  A satyr (Shoals:3)
  20 dancing weapons
  2 orc high priests
  A deep troll earth mage (Vaults:2)
  19 naga sharpshooters
  Nergalle (Lair:4)
  7 shock serpents
  17 deep elf knights
  3 salamander mystics
  A fire crab (Lair:5)
  A skeletal warrior (Vaults:1)
  5 unseen horrors
  29 sea snakes
  3 deep trolls (Vaults:2)
  2 wizards (Vaults:2)
  7 naga ritualists
  10 orc knights
  A spectral wolf spider (D:11)
  An obsidian statue (Vaults:1)
  11 harpies
  8 deep elf archers
  2 necromancers (Vaults:2)
  5 ironbrand convokers
  A lindwurm (Lair:6)
  An oklob plant (Lair:4)
  3 phantasmal warriors
  A wolf spider zombie (D:15)
  7 mana vipers
  8 orc sorcerers
  A wolf spider (Vaults:1)
  11 cyclopes
  A stone giant zombie (Vaults:2)
  11 manticores
  5 fauns (Shoals:1)
  47 ugly things
  53 deep elf magi
  3 elephants (Lair:6)
  9 salamanders
  5 vault sentinels
  2 guardian serpents
  10 merfolk sirens
  28 black mambas
  A guardian serpent (shapeshifter) (Vaults:2)
  20 naga magi
  A fire giant skeleton (Vaults:2)
  A torpor snail (Lair:6)
  2 gargoyles
  8 water nymphs
  8 spiny frogs
  A spiny frog (shapeshifter) (Vaults:2)
  4 centaur skeletons
  2 kobold demonologists (D:9)
  9 komodo dragons
  2 freezing wraiths
  27 yaktaurs
  A yaktaur zombie (Vaults:2)
  A tengu conjurer (D:14)
  10 trolls
  3 meliai (D:14)
  2 polar bears (Lair:6)
  31 merfolk
  15 hippogriffs
  4 wind drakes
  10 dream sheep
  An ettin zombie (Vaults:2)
  3 hornets
  11 blink frogs
  7 snapping turtles
  4 slime creatures
  A human simulacrum (Vaults:2)
  A stone giant simulacrum (Vaults:2)
  4 wyverns
  8 water elementals
  A yak (shapeshifter) (Vaults:2)
  2 fire elementals (Snake:2)
  4 hungry ghosts
  48 yaks
  5 humans (D:10)
  6 hogs
  2 vampire mosquitoes (D:15)
  7 basilisks
  79 nagas
  6 wargs
  2 hell hounds (Snake:2)
  19 water moccasins
  An acid dragon (Vaults:1)
  6 porcupines
  3 ice beasts
  36 orc warriors
  A sky beast (D:13)
  A black bear (D:8)
  An eye of draining (D:12)
  A necrophage (D:5)
  26 ogres
  2 phantoms
  12 wolves
  12 centaurs
  14 crocodiles
  3 big kobolds (D:8)
  A human zombie (Vaults:2)
  14 bullfrogs
  A gnoll sergeant (D:9)
  4 earth elementals
  2 human skeletons (Vaults:2)
  A spectral water moccasin (D:11)
  2 scorpions (D:5)
  A wyvern skeleton (D:9)
  19 killer bees
  4 howler monkeys
  2 electric eels
  7 crimson imps
  7 centaur zombies
  A spectral bullfrog (D:11)
  5 jellies
  8 hounds
  19 orc priests
  5 bullfrog skeletons
  4 iguanas
  21 orc wizards
  A statue (D:5)
  15 worker ants
  A hound skeleton (D:7)
  2 howler monkey zombies
  A worker ant zombie (D:9)
  2 howler monkey skeletons
  19 adders
  4 gnolls (D:9)
  A shadow imp (D:14)
  An ooze (D:3)
  2 worms
  4 dart slugs
  7 leopard geckos
  88 orcs
  5 ball pythons
  4 giant cockroaches
  2 gnoll zombies (D:2)
  3 goblins
  20 hobgoblins
  12 jackals
  4 quokkas
  3 bats (D:1)
  4 frilled lizards
  A kobold (D:3)
  2 quokka skeletons
  5 rats
  2 plants (Shoals:2)
  6 tentacles
1428 creatures vanquished.

Vanquished Creatures (collateral kills)
  A centaur warrior (D:14)
  A naga sharpshooter (Snake:2)
  A merfolk (Shoals:4)
  A naga (Snake:2)
  A hell hound (Snake:2)
5 creatures vanquished.

Vanquished Creatures (others)
  A deep elf master archer (Elf:3)
  An ironheart preserver (Vaults:2)
  A centaur warrior (Vaults:3)
  A naga sharpshooter (Snake:4)
  A deep elf mage (Elf:1)
  An orc knight (Vaults:2)
  A manticore (Shoals:4)
  A vault sentinel (Vaults:2)
  A water moccasin (Lair:6)
  An orc wizard (D:7)
  13 fungi
  22 plants
  10 tentacles
55 creatures vanquished.

Grand Total: 1488 creatures vanquished

Notes
Turn   | Place    | Note
-------+----------+-------------------------------------------
     0 | D:1      | mopl the Draconian Earth Elementalist began the quest for
                  | the Orb.
     0 | D:1      | Reached XP level 1. HP: 14/14 MP: 3/3
   351 | D:1      | Reached XP level 2. HP: 20/20 MP: 3/5
  1109 | D:2      | Reached XP level 3. HP: 26/26 MP: 1/7
  1196 | D:2      | Learned a level 3 spell: Stone Arrow
  1199 | D:2      | Learned a level 2 spell: Passwall
  1370 | D:2      | You fall into a shaft and drop 2 floors!
  1375 | D:4      | Reached skill level 3 in Spellcasting
  1413 | D:4      | Reached skill level 1 in Conjurations
  1475 | D:4      | Reached XP level 4. HP: 31/33 MP: 4/8
  1535 | D:4      | Reached skill level 4 in Earth Magic
  1693 | D:4      | Noticed an ogre
  1699 | D:4      | Killed an ogre
  1699 | D:4      | Reached skill level 2 in Conjurations
  1699 | D:4      | Reached XP level 5. HP: 38/38 MP: 2/10
  1705 | D:4      | Learned a level 4 spell: Petrify
  1899 | D:3      | Found a sparkling altar of Nemelex Xobeh.
  2169 | D:2      | Found a white marble altar of Elyvilon.
  2289 | D:2      | Found a snail-covered altar of Cheibriados.
  2305 | D:2      | Found a sacrificial altar of Ru.
  2497 | D:2      | Found a basalt altar of Yredelemnul.
  2612 | D:3      | Found a shimmering altar of Xom.
  2881 | D:3      | Reached XP level 6. HP: 45/45 MP: 7/11
  3262 | D:3      | Reached skill level 4 in Spellcasting
  3447 | D:4      | Reached skill level 2 in Stealth
  3447 | D:4      | Reached skill level 3 in Conjurations
  3546 | D:4      | Reached skill level 5 in Earth Magic
  3858 | D:4      | Found a staircase to the Ecumenical Temple.
  3867 | Temple   | Entered the Ecumenical Temple
  3892 | Temple   | Became a worshipper of Dithmenos the Shadowed
  4091 | D:5      | Entered Level 5 of the Dungeon
  4117 | D:5      | Reached skill level 1 in Shields
  4117 | D:5      | Your scales start taking on a fiery red colour.
  4117 | D:5      | Reached XP level 7. HP: 41/50 MP: 3/13
  4117 | D:5      | Gained mutation: Your flesh is heat resistant. (rF+) [Red
                  | Draconian growth]
  4171 | D:5      | Reached skill level 1 in Invocations
  4495 | D:5      | Reached skill level 3 in Stealth
  4514 | D:5      | Found a radiant altar of Vehumet.
  4751 | D:5      | Learned a level 5 spell: Lee's Rapid Deconstruction
  4790 | D:5      | Reached skill level 2 in Invocations
  4803 | D:5      | Reached skill level 2 in Shields
  4918 | D:5      | Noticed a hungry ghost
  4929 | D:5      | Reached XP level 8. HP: 48/57 MP: 9/15
  4936 | D:5      | Reached skill level 4 in Conjurations
  4936 | D:5      | Reached skill level 2 in Transmutations
  5047 | D:6      | Reached * piety under Dithmenos
  5357 | D:6      | Reached skill level 5 in Spellcasting
  5501 | D:6      | Reached skill level 3 in Invocations
  5597 | D:6      | Reached skill level 6 in Earth Magic
  5612 | D:6      | Found a burning altar of Makhleb.
  5667 | D:6      | Found a hazy altar of Hepliaklqana.
  5878 | D:7      | Reached skill level 4 in Stealth
  6056 | D:7      | Reached skill level 3 in Shields
  6066 | D:7      | Reached skill level 3 in Transmutations
  6371 | D:7      | Noticed a +0 dagger
  6371 | D:7      | Noticed a +0 hand axe
  6372 | D:7      | Found a hide-covered altar of Uskayaw.
  6453 | D:7      | Reached XP level 9. HP: 45/62 MP: 8/17
  6753 | D:8      | Reached ** piety under Dithmenos
  6929 | D:8      | Reached skill level 5 in Conjurations
  6978 | D:8      | Found a shattered altar of Ashenzari.
  6979 | D:8      | Reached skill level 4 in Invocations
  7227 | D:8      | Reached skill level 5 in Stealth
  7227 | D:8      | Reached skill level 4 in Shields
  7271 | D:8      | Got a bound granite ring
  7274 | D:8      | Identified the ring "Kisaifar" {rPois rC- rCorr Str-5
                  | Dex+10} (You found it on level 8 of the Dungeon)
  7500 | D:8      | Noticed a troll
  7572 | D:8      | Killed a troll
  7803 | D:8      | Reached skill level 6 in Spellcasting
  7803 | D:8      | Reached skill level 7 in Earth Magic
  7812 | D:8      | Reached skill level 5 in Invocations
  7845 | D:8      | Reached skill level 6 in Conjurations
  7895 | D:8      | Noticed a three-headed hydra
  7959 | D:8      | Killed a one-headed hydra
  7959 | D:8      | Reached skill level 6 in Stealth
  7959 | D:8      | Reached XP level 10. HP: 27/69 MP: 16/19
  8398 | D:9      | Reached skill level 7 in Stealth
  8398 | D:9      | Reached skill level 7 in Spellcasting
  8398 | D:9      | Reached skill level 7 in Conjurations
  8398 | D:9      | Reached skill level 4 in Transmutations
  8398 | D:9      | Reached skill level 8 in Earth Magic
  8398 | D:9      | Reached skill level 7 in Invocations
  8398 | D:9      | Reached XP level 11. HP: 74/74 MP: 19/22
  8435 | D:9      | Noticed a deep elf mage
  8438 | D:9      | Identified the ring of Pessimism {rN+ MP+9 Dex+5}
  8441 | D:9      | Reached *** piety under Dithmenos
  8448 | D:9      | Noticed a soul eater
  8450 | D:9      | Killed a deep elf mage
  8451 | D:9      | Noticed a sixfirhy
  8597 | D:9      | Noticed a fire giant
  9181 | D:9      | Found a bloodstained altar of Trog.
  9181 | D:9      | Found a stormy altar of Qazlal.
  9394 | D:9      | Identified the Guide on Igneous Calling
  9401 | D:9      | Identified Petwosugro's Volume of the Supportive Oath
  9459 | D:9      | Noticed a sun demon
  9474 | D:9      | Identified the +5 falchion "Vicvoh" {antimagic, *Rage rPois
                  | rC+ rN+}
  9474 | D:9      | Noticed a deep elf archer
  9797 | D:9      | Learned a level 2 spell: Blink
  9837 | D:9      | Found a staircase to the Lair.
  9910 | D:9      | Reached skill level 9 in Earth Magic
  9986 | D:9      | Killed a fire giant
  9986 | D:9      | Reached skill level 8 in Spellcasting
  9986 | D:9      | Reached skill level 8 in Conjurations
  9986 | D:9      | Reached skill level 1 in Translocations
 10037 | D:9      | Reached skill level 8 in Invocations
 10152 | D:9      | Reached **** piety under Dithmenos
 10221 | D:9      | Killed a deep elf archer
 10221 | D:9      | Reached skill level 8 in Stealth
 10357 | D:9      | Reached skill level 2 in Translocations
 10362 | D:9      | Learned a level 3 spell: Conjure Flame
 10445 | D:10     | Entered Level 10 of the Dungeon
 10462 | D:10     | Reached skill level 5 in Transmutations
 10659 | D:10     | Learned a level 5 spell: Bolt of Magma
 10997 | D:10     | Killed an unseen horror
 10997 | D:10     | Reached skill level 1 in Fire Magic
 10997 | D:10     | Reached XP level 12. HP: 46/81 MP: 0/24
 11911 | Lair:1   | Entered Level 1 of the Lair of Beasts
 11956 | Lair:1   | Noticed a four-headed hydra
 11966 | Lair:1   | Killed a two-headed hydra
 11966 | Lair:1   | Reached skill level 2 in Fire Magic
 12353 | Lair:1   | Noticed a four-headed hydra
 12436 | Lair:1   | Killed a one-headed hydra
 12446 | Lair:1   | Reached skill level 3 in Fire Magic
 12804 | Lair:1   | Reached skill level 1 in Evocations
 12993 | Lair:2   | Reached ***** piety under Dithmenos
 12993 | Lair:2   | Reached skill level 9 in Invocations
 13173 | Lair:2   | You fall into a shaft and drop 1 floor!
 13233 | Lair:2   | Reached skill level 10 in Earth Magic
 13237 | Lair:2   | Reached skill level 9 in Conjurations
 13316 | Lair:2   | Noticed a four-headed hydra
 13325 | Lair:2   | Killed a one-headed hydra
 13325 | Lair:2   | Reached skill level 2 in Evocations
 13327 | Lair:2   | Reached skill level 4 in Fire Magic
 13483 | Lair:2   | Found a runed translucent door.
 13486 | Lair:2   | Found a shimmering altar of Xom.
 13487 | Lair:2   | Noticed Irchumiyd's ghost (journeyman DEAE)
 13564 | Lair:2   | Reached skill level 9 in Stealth
 14674 | Lair:3   | Found a staircase to the Shoals.
 14756 | Lair:3   | Reached skill level 3 in Evocations
 15139 | Lair:4   | Found a staircase to the Snake Pit.
 15218 | Lair:4   | Noticed Nergalle
 15229 | Lair:4   | Killed Nergalle
 15229 | Lair:4   | Reached XP level 13. HP: 81/86 MP: 21/25
 15361 | Lair:4   | Reached skill level 5 in Fire Magic
 15362 | Lair:4   | Reached skill level 9 in Spellcasting
 16550 | Lair:5   | Reached skill level 4 in Evocations
 16684 | Lair:5   | Reached skill level 10 in Invocations
 16910 | Lair:6   | Entered Level 6 of the Lair of Beasts
 16936 | Lair:6   | Learned a level 4 spell: Sticky Flame
 17589 | Lair:6   | Reached skill level 10 in Conjurations
 17709 | Lair:6   | Reached skill level 11 in Earth Magic
 17709 | Lair:6   | Reached skill level 5 in Evocations
 17854 | Lair:6   | Reached skill level 10 in Stealth
 18195 | Lair:6   | Found a staircase to the Slime Pits.
 18626 | Lair:6   | Reached XP level 14. HP: 77/93 MP: 27/27
 18661 | Lair:6   | Reached skill level 6 in Fire Magic
 18668 | Lair:6   | Reached ****** piety under Dithmenos
 18944 | Lair:6   | Reached skill level 6 in Transmutations
 19004 | Lair:6   | Got a crude rapier
 19006 | Lair:6   | Identified the +11 rapier of Taimynal {flame, rElec Int+2}
                  | (You found it on level 6 of the Lair of Beasts)
 19698 | D:11     | Got a translucent rapier
 19699 | D:11     | Identified the +6 rapier of Okawaru's Fury {distort, +Fly}
                  | (You found it on level 11 of the Dungeon)
 19815 | D:11     | Found a runed translucent gate.
 19815 | D:11     | Found a runed translucent gate.
 19816 | D:11     | Found a runed translucent gate.
 19825 | D:11     | Noticed Calas's ghost (novice MiGl)
 20099 | D:12     | Noticed Kirke
 20336 | D:12     | Reached skill level 10 in Spellcasting
 20448 | D:12     | Reached skill level 6 in Evocations
 20449 | D:12     | Killed Kirke
 20492 | D:12     | Found a staircase to the Orcish Mines.
 20587 | D:12     | Noticed Nessos
 20598 | D:12     | Killed Nessos
 20598 | D:12     | Reached skill level 7 in Fire Magic
 20731 | Orc:1    | Entered Level 1 of the Orcish Mines
 20783 | Orc:1    | Reached skill level 11 in Invocations
 21088 | Orc:1    | Found Imuob's Assorted Antiques.
 21096 | Orc:1    | Bought a scroll labeled PIRYSTREDGHU for 32 gold pieces
 21096 | Orc:1    | Bought a scroll of identify for 64 gold pieces
 21097 | Orc:1    | Bought a potion of agility for 128 gold pieces
 21274 | Orc:2    | Entered Level 2 of the Orcish Mines
 21303 | Orc:2    | Found Pujel's Antique Armour Emporium.
 21424 | Orc:2    | Found a staircase to the Elven Halls.
 21430 | Orc:2    | Bought a jewelled cloak for 285 gold pieces
 21446 | Orc:2    | Identified the +4 cloak "Soompol" {MR+} (You bought it in a
                  | shop on level 2 of the Orcish Mines)
 21601 | Orc:2    | Noticed an orc warlord
 21737 | Orc:1    | Reached skill level 2 in Dodging
 21961 | Orc:2    | Reached skill level 1 in Fighting
 22240 | Orc:2    | Found Ybunt's Antique Weapon Emporium.
 22286 | Orc:2    | Found Emekh's General Store.
 22318 | Orc:2    | Killed an orc warlord
 22318 | Orc:2    | Reached skill level 7 in Transmutations
 22365 | Orc:2    | Found Hesohudu's Jewellery Shoppe.
 23159 | D:13     | Reached skill level 2 in Fighting
 23159 | D:13     | Reached XP level 15. HP: 88/104 MP: 29/29
 23408 | Orc:2    | Bought the -2 hat of the Alchemist {rElec rPois rF+ rC+ rN+
                  | MR+ rMut rCorr} for 1416 gold pieces
 23408 | Orc:2    | Found the -2 hat of the Alchemist {rElec rPois rF+ rC+ rN+
                  | MR+ rMut rCorr}
 23969 | D:14     | Noticed Rupert
 24140 | D:14     | Reached skill level 11 in Conjurations
 24220 | D:14     | Killed Rupert
 24514 | D:14     | Reached skill level 8 in Fire Magic
 24559 | D:14     | Reached skill level 3 in Dodging
 24690 | D:14     | Found a gate to the Vaults.
 24704 | D:14     | Reached skill level 3 in Fighting
 24704 | D:14     | Reached skill level 7 in Evocations
 24767 | D:14     | Reached skill level 11 in Stealth
 25104 | D:15     | Entered Level 15 of the Dungeon
 25755 | D:15     | Reached skill level 12 in Earth Magic
 26226 | D:15     | Reached skill level 4 in Fighting
 26230 | D:15     | Identified a scroll of acquirement
 26511 | D:15     | Found a staircase to the Depths.
 26768 | Shoals:1 | Entered Level 1 of the Shoals
 26781 | Shoals:1 | Reached skill level 8 in Transmutations
 26984 | Shoals:1 | Reached skill level 4 in Dodging
 27858 | Shoals:2 | Reached XP level 16. HP: 118/118 MP: 27/30
 28165 | Shoals:2 | Reached skill level 12 in Invocations
 28823 | Shoals:2 | Reached skill level 5 in Fighting
 28823 | Shoals:2 | Reached skill level 8 in Evocations
 28826 | Shoals:2 | Reached skill level 9 in Fire Magic
 29137 | Shoals:2 | Noticed a kraken
 29340 | Shoals:2 | Killed a kraken
 29340 | Shoals:2 | Reached skill level 11 in Spellcasting
 29611 | Shoals:2 | Identified Roxanne's Guide on Transmigration
 29611 | Shoals:2 | Noticed Roxanne
 29616 | Shoals:2 | Killed Roxanne
 29631 | Shoals:2 | Learned a level 1 spell: Summon Butterflies
 29933 | Shoals:3 | Found a runed translucent door.
 29933 | Shoals:3 | Found Cow Ovia's Food Shop.
 29970 | Shoals:3 | Identified the ring of the Death Scarab {rF+ Slay+2} (You
                  | acquired it on level 3 of the Shoals)
 30274 | Shoals:3 | Reached skill level 5 in Dodging
 30275 | Shoals:3 | Reached skill level 1 in Summonings
 30295 | Shoals:3 | Identified the +4 scale mail of the Echidna {*Drain rPois
                  | rCorr Slay+6}
 30535 | Shoals:4 | Entered Level 4 of the Shoals
 31308 | Shoals:4 | Reached skill level 2 in Summonings
 31464 | Shoals:4 | Reached skill level 6 in Fighting
 31707 | Shoals:4 | Reached skill level 12 in Conjurations
 31938 | Shoals:4 | Learned a level 6 spell: Iron Shot
 32184 | Shoals:4 | Reached XP level 17. HP: 128/128 MP: 24/32
 33246 | Shoals:4 | Noticed a kraken
 33268 | Shoals:4 | Killed a kraken
 33281 | Shoals:4 | Got a barnacled rune of Zot
 33740 | Snake:1  | Entered Level 1 of the Snake Pit
 33755 | Snake:1  | Reached skill level 3 in Summonings
 33868 | Snake:1  | Noticed Aizul
 33911 | Snake:1  | Reached skill level 12 in Stealth
 33959 | Snake:1  | Reached skill level 10 in Fire Magic
 33988 | Snake:1  | Reached skill level 9 in Evocations
 34046 | Snake:1  | Found a runed translucent door.
 34047 | Snake:1  | Noticed EnegeticOcto's ghost (journeyman VSVM)
 34163 | Snake:1  | Killed Aizul
 34431 | Snake:1  | Reached skill level 1 in Short Blades
 34932 | Snake:2  | Noticed Vashnia
 35049 | Snake:2  | Reached skill level 6 in Dodging
 35513 | Snake:1  | Killed Vashnia
 35513 | Snake:1  | Reached skill level 7 in Fighting
 35513 | Snake:1  | Reached skill level 13 in Earth Magic
 35678 | Snake:2  | Reached skill level 4 in Summonings
 35690 | Snake:2  | Reached skill level 2 in Short Blades
 36105 | Snake:2  | Found a runed translucent door.
 36629 | Snake:2  | Reached skill level 13 in Invocations
 36969 | Snake:2  | Noticed Azrael
 37005 | Snake:2  | Killed Azrael
 37005 | Snake:2  | Reached skill level 3 in Short Blades
 37337 | Snake:3  | Reached XP level 18. HP: 131/140 MP: 5/33
 37919 | Snake:3  | Learned a level 2 spell: Sublimation of Blood
 38210 | Snake:4  | Entered Level 4 of the Snake Pit
 38346 | Snake:4  | Noticed Bai Suzhen
 38483 | Snake:4  | Killed Bai Suzhen
 38483 | Snake:4  | Reached skill level 8 in Fighting
 38483 | Snake:4  | Reached skill level 1 in Necromancy
 39109 | Snake:4  | Reached skill level 4 in Short Blades
 39109 | Snake:4  | Reached skill level 7 in Dodging
 39337 | Snake:4  | Reached skill level 12 in Spellcasting
 39460 | Snake:4  | Reached skill level 2 in Necromancy
 39843 | Snake:4  | Reached skill level 10 in Evocations
 40343 | Snake:4  | Got a serpentine rune of Zot
 40694 | D:11     | Killed Calas's ghost
 40848 | Elf:1    | Entered Level 1 of the Elven Halls
 40990 | Elf:1    | Reached skill level 13 in Conjurations
 41186 | Elf:1    | Identified the Disquisition on Conjuration
 41282 | Elf:1    | Reached skill level 3 in Necromancy
 41996 | Elf:2    | Found Qeihyo's Jewellery Shop.
 42049 | Elf:2    | Reached skill level 5 in Short Blades
 42197 | Elf:2    | Reached XP level 19. HP: 149/149 MP: 35/35
 42306 | Elf:2    | Reached skill level 9 in Fighting
 42395 | Elf:2    | Reached skill level 4 in Necromancy
 42554 | Elf:2    | Reached skill level 13 in Stealth
 42594 | Elf:2    | Found a runed translucent gate.
 42594 | Elf:2    | Found a runed translucent gate.
 42595 | Elf:2    | Found a runed translucent gate.
 42896 | Elf:3    | Entered Level 3 of the Elven Halls
 42948 | Elf:3    | Learned a level 5 spell: Irradiate
 43410 | Elf:3    | Found Jeluutuq's Magic Scroll Shoppe.
 43416 | Elf:3    | Bought a scroll of teleportation for 51 gold pieces
 43416 | Elf:3    | Bought a scroll of fog for 34 gold pieces
 43416 | Elf:3    | Bought a scroll of teleportation for 51 gold pieces
 43416 | Elf:3    | Bought a scroll of identify for 34 gold pieces
 43416 | Elf:3    | Bought a scroll of identify for 34 gold pieces
 43416 | Elf:3    | Bought a scroll of magic mapping for 59 gold pieces
 44058 | Elf:3    | Reached skill level 14 in Earth Magic
 44068 | Elf:3    | Reached skill level 8 in Dodging
 44251 | Elf:3    | Reached skill level 14 in Invocations
 44388 | Elf:3    | Identified the cursed +1 halberd of Viywerch {chop, MR+
                  | Int+3 Stlth+}
 44392 | Elf:3    | Reached skill level 5 in Necromancy
 44926 | Elf:3    | Reached skill level 10 in Fighting
 45020 | Elf:3    | Identified the +6 steam dragon scales of Peek-a-Boo {rC+}
 45042 | Elf:3    | Identified the +9 long sword "Weapel" {antimagic, *Rage
                  | rC++ Dex+8 Stlth+}
 45042 | Elf:3    | Identified the ring of Starshine {rC+ MR- EV+3 Int+2
                  | Stlth+}
 45045 | Elf:3    | Identified the +5 fustibalus of Uga Leehu {flame, rElec
                  | rPois Str-2 Int+9}
 45151 | Elf:3    | Identified Ewuf's Disquisition on Aerial Toxins
 45217 | Elf:3    | Got a pair of heavily runed gloves
 45223 | Elf:3    | Identified the cursed -4 pair of gloves of the Blessed
                  | Realm {rN+ rCorr Int+4} (You found it on level 3 of the
                  | Elven Halls)
 45259 | Elf:3    | Identified Hychogej's Tome of Mutagenic Unholy Arts
 45281 | Elf:3    | Identified Cicw's Tome of Sinister Rites
 45799 | Vaults:1 | Entered Level 1 of the Vaults
 45881 | Vaults:1 | Identified the +2 buckler "Roubbiso" {rN+ MR+ Str-2} (You
                  | acquired it on level 1 of the Vaults)
 45882 | Vaults:1 | Found the +7 sceptre of Torment {pain, torment}
 45959 | Vaults:1 | Identified the +9 flail of Razeoc {flame, +Blink rN+ Dex+4
                  | Stlth+}
 46232 | Vaults:1 | Found Ywkum's Distillery.
 46470 | Vaults:1 | Bought a potion of experience for 1050 gold pieces
 46470 | Vaults:1 | Reached skill level 4 in Maces & Flails
 46470 | Vaults:1 | Reached XP level 20. HP: 161/161 MP: 36/36
 46471 | Vaults:1 | Bought a potion of haste for 210 gold pieces
 46471 | Vaults:1 | Bought a potion of haste for 210 gold pieces
 46471 | Vaults:1 | Bought a potion of haste for 210 gold pieces
 46471 | Vaults:1 | Bought a potion of curing for 63 gold pieces
 46471 | Vaults:1 | Bought 2 potions of heal wounds for 210 gold pieces
 46471 | Vaults:1 | Bought 2 potions of curing for 126 gold pieces
 46471 | Vaults:1 | Bought a potion of might for 84 gold pieces
 46471 | Vaults:1 | Bought a potion of agility for 84 gold pieces
 46471 | Vaults:1 | Bought a potion of magic for 168 gold pieces
 46558 | Vaults:1 | Reached XP level 21. HP: 157/169 MP: 30/37
 46972 | Vaults:1 | Reached skill level 9 in Dodging
 46977 | Vaults:1 | Reached skill level 13 in Spellcasting
 47233 | Vaults:1 | Reached skill level 14 in Conjurations
 47574 | Vaults:1 | Found a runed translucent gate.
 47574 | Vaults:1 | Found a runed translucent gate.
 47574 | Vaults:1 | Found a runed translucent gate.
 47575 | Vaults:1 | Found an opulent altar of Gozag.
 47575 | Vaults:1 | Found Siemesot's Assorted Antiques.
 47576 | Vaults:1 | Noticed Syvvoagh's ghost (adept DENe)
 47585 | Vaults:1 | Killed Syvvoagh's ghost
 47632 | Vaults:1 | Bought a scroll of blinking for 285 gold pieces
 47632 | Vaults:1 | Bought a potion of heal wounds for 190 gold pieces
 47632 | Vaults:1 | Bought a potion of curing for 114 gold pieces
 47632 | Vaults:1 | Bought a potion of curing for 114 gold pieces
 47632 | Vaults:1 | Bought a scroll of identify for 76 gold pieces
 47899 | Vaults:2 | Noticed Asterion
 47915 | Vaults:2 | Killed Asterion
 48094 | Vaults:2 | Reached skill level 11 in Fighting
 48094 | Vaults:2 | Reached skill level 14 in Stealth
 48173 | Vaults:2 | Noticed Boris
 48345 | Vaults:2 | Found Juengim's Jewellery Shop.
 48694 | Vaults:2 | Found Yggoj's Distillery.
 48743 | Vaults:2 | Bought 2 potions of heal wounds for 180 gold pieces
 48743 | Vaults:2 | Bought a potion of haste for 180 gold pieces
 48852 | Vaults:2 | Reached skill level 15 in Earth Magic
 48914 | Vaults:2 | Found Tyupuss's Food Shop.
 49340 | Vaults:2 | Reached skill level 10 in Dodging
 49985 | Vaults:2 | Killed Boris
 50123 | Vaults:2 | Reached XP level 22. HP: 83/181 MP: 4/39
 50974 | Vaults:2 | Upgraded the game from 0.25-a0-404-gc1b5a34292 to
                  | 0.25-a0-410-g53dbb631d1
 50988 | Vaults:3 | Noticed Boris
 50996 | Vaults:3 | Reached skill level 12 in Fighting
 51008 | Vaults:3 | Blown up by Boris

Levels and vault maps discovered:
D:1:      shiori_arrival_maze, layout_basic
D:2:      layout_basic, lemuel_zombie_altar_yredelemnul, elyvilon_altar_4,
          kennysheep_slug_shrine, nicolae_ru_awakened_eye, first_ration
D:3:      layout_loops_corners, lemuel_round_altar, old_standard_altar,
          minmay_box_of_dots
D:4:      layout_loops_corners, temple_hall, serial_rivers,
          chequers_serial_rivers_room_b, chequers_serial_rivers_small_a,
          chequers_serial_rivers_small_3, chequers_serial_rivers_marsh,
          chequers_serial_rivers_micro_c, chequers_serial_rivers_room_b,
          chequers_arboretum
D:5:      layout_rooms, vehumet_statue, corner_web_ring
D:6:      layout_loops_ring, lightli_temple_of_fire, lemuel_doored_altar
D:7:      layout_loops_cross, dancing_weapons_uskayaw
D:8:      layout_gridville, marbit_many_paths, hangedman_ranch
          [blue_anna_fruit_fields], chequers_serial_rivers_micro_d
D:9:      minmay_the_grid_plus [minmay_the_grid_odd_star,
          minmay_the_grid_diamond_grid, minmay_the_grid_tri_star,
          minmay_the_grid_aliased_spiral, minmay_the_grid_prize_diamond_cup],
          layout_basic, chequers_temple_overflow_statue_of_worship,
          david_lair_shrubbed
D:10:     layout_big_octagon, minmay_ruffians
D:11:     layout_loops_ring, gammafunk_ghost_necromancy,
          minmay_misc_feat_more_columns
D:12:     layout_rooms, orc_0_dummy, uniq_nessos, uniq_kirke
D:13:     cheibrodos_orc_bank, layout_cave_pools
D:14:     layout_long_grid, lightli_vaults_fourway_checkpoint,
          chequers_decorated_corner, uniq_rupert
D:15:     grunt_enter_depths_snipers, layout_loops_cross
Temple:   chequers_temple_sunken
Lair:1:   layout_cave_pods
Lair:2:   layout_roguey, ebering_ghost_xom, grunt_megastairs_3
Lair:3:   layout_layer_cave, elwin_shoals_entry_stream, serial_bayou_pond_e,
          beast_lair_carwin_1, infiniplex_staircase_pool, lemuel_fruit_tree
Lair:4:   layout_gridlike, guppyfry_snake_entry_island, lemuel_fruit_fields,
          lemuel_fruit_fields, uniq_nergalle
Lair:5:   layout_concentric_octagons
Lair:6:   grunt_lair_end_beastmaster, layout_regular_city, slime_dummy,
          nicolae_quartered_pool_super, kennysheep_basilisk_garden
Shoals:1: layout_shoals, nicolae_shoals_stone_sculpture_thing
Shoals:2: cheibrodos_shoals_three_sisters, layout_shoals,
          nicolae_shoals_kraken_intersection, uniq_roxanne
Shoals:3: layout_shoals, serial_shops, nicolae_shop_trees, lightli_airlock
Shoals:4: shoals_end_hangedman, layout_shoals
Snake:1:  layout_rooms, gammafunk_ghost_grave, grunt_ministairs_9,
          nicolae_snake_squiggles, nicolae_snake_double_loop,
          hangedman_snake_corridor_cut, uniq_aizul
Snake:2:  cheibrodos_toxic_ritual, layout_concentric_octagons,
          grunt_megastairs_5, uniq_azrael, uniq_vashnia
Snake:3:  layout_chambers, drop_trap
Snake:4:  minmay_snake_end_coiled, layout_cave_town, uniq_bai_suzhen
Orc:1:    layout_diamond_mine, serial_shops, shop
Orc:2:    grunt_orc_gardens, layout_caves, grunt_orc_garden, grunt_orc_garden,
          grunt_orc_garden, grunt_orc_garden
Elf:1:    layout_loops_corners, minmay_elf_annihilation, grunt_ministairs_4
Elf:2:    layout_loops_cross, serial_shops, nicolae_shop_stone,
          lemuel_flamethrower_3
Elf:3:    minmay_elf_hall_not_hex, layout_loops_corners, serial_shops, shop,
          glass_columns_b, hangedman_elven_pyramids, nicolae_elf_big_sculpture_1
Vaults:1: ebering_vaults_ghost_gozag, vaults_room_large_hall,
          nicolae_vaults_specimen_jars, vaults_mumra_hex,
          hangedman_vaults_stream, hangedman_vaults_slither,
          hangedman_vaults_trim, v_misc_22, nicolae_vaults_sealed_display,
          hangedman_vaults_capsules, ontoclasm_vaults_shout, vaults_dpeg_ring,
          layout_vaults_ring, serial_shops, shop
Vaults:2: nicolae_vaults_network_quinsquares
          [nicolae_vaults_network_quincunx_subvault,
          nicolae_vaults_network_quincunx_subvault,
          nicolae_vaults_network_quincunx_subvault,
          nicolae_vaults_network_quincunx_subvault], hangedman_vaults_pinch,
          ontoclasm_vaults_idyll, hangedman_vaults_restitches,
          nicolae_vaults_big_angled_halls, vaults_room_hallway,
          nicolae_vaults_meeting, vaults_room_door_ring, vaults_room_fours,
          layout_vaults_omnicross, serial_shops, nicolae_shop_statue_plus,
          shop_statue, nicolae_shop_behind_doors, uniq_boris, uniq_asterion
Vaults:3: vaults_dpeg_hooks, nicolae_vaults_theta, nicolae_vaults_network_star,
          nicolae_vaults_network_periphery, minmay_crypt_entry_simple_walls,
          nicolae_vaults_alarming, nicolae_vaults_quadrants,
          hangedman_vaults_nails, nicolae_vaults_stairing_the_circle, v_misc_12,
          layout_vaults_maze

Skill      XL: |  1  2  3  4  5  6  7  8  9 10 11 12 13 14 15 16 17 18 19 20 21 22 |
---------------+-------------------------------------------------------------------+-----
Spellcasting   | 3 4 5 6 7 8 9 10 11 12 13 | 13.5
Conjurations   | 1 2 3 4 6 7 8 9 10 11 12 13 14 | 14.7
Earth Magic    | 4 5 6 7 8 9 10 11 12 13 14 15 | 15.3
Stealth        | 2 3 4 6 7 8 9 10 11 12 13 14 | 14.6
Shields        | 1 2 3 4 |  4.0
Invocations    | 2 3 5 7 8 9 10 11 12 13 14 | 14.0
Transmutations | 3 4 5 7 8 |  8.0
Translocations | 2 |  2.0
Fire Magic     | 1 4 5 7 8 9 10 | 10.0
Evocations     | 3 5 6 7 8 9 10 | 10.0
Dodging        | 2 4 5 6 7 8 10 | 10.3
Fighting       | 2 4 6 7 8 10 11 12 | 12.0
Summonings     | 2 4 |  4.0
Short Blades   | 3 5 |  5.0
Necromancy     | 3 5 |  5.0
Maces & Flails | 4 |  4.5

Action                   |  1- 3 |  4- 6 |  7- 9 | 10-12 | 13-15 | 16-18 | 19-21 | 22-24 || total
-------------------------+-------+-------+-------+-------+-------+-------+-------+-------++-------
Melee: Unarmed           |    19 |    40 |       |       |       |       |       |       ||    59
       Tailslap          |     2 |    14 |    21 |    62 |   112 |   147 |    98 |     5 ||   461
       Long sword        |       |    56 |    23 |       |       |       |       |       ||    79
       Rapier            |       |       |   144 |       |   561 |   843 |   191 |    24 ||  1763
       Dagger            |       |       |    17 |    39 |    52 |       |       |       ||   108
       Falchion          |       |       |     5 |   141 |    23 |       |       |       ||   169
       Scimitar          |       |       |       |    94 |       |       |       |       ||    94
       Short sword       |       |       |       |    19 |       |       |       |       ||    19
       Staff             |       |       |       |       |    49 |     4 |   276 |    17 ||   346
       Eveningstar       |       |       |       |       |       |       |    21 |       ||    21
Throw: Dart              |       |     2 |     3 |    11 |     3 |       |       |       ||    19
       Stone             |       |       |       |       |       |     2 |       |       ||     2
 Cast: Sandblast         |    47 |    39 |    70 |    16 |       |       |       |       ||   172
       Stone Arrow       |       |    29 |    60 |   127 |   123 |    55 |    25 |       ||   419
       Petrify           |       |       |     7 |    42 |    99 |   201 |    59 |     4 ||   412
       Lee's Rapid Decon |       |       |     3 |    50 |   106 |   110 |   133 |    14 ||   416
       Conjure Flame     |       |       |       |     4 |     3 |     1 |     1 |       ||     9
       Bolt of Magma     |       |       |       |     2 |    26 |    77 |    88 |       ||   193
       Sticky Flame      |       |       |       |       |    63 |   128 |    55 |       ||   246
       Passwall          |       |       |       |       |     1 |    13 |     4 |       ||    18
       Blink             |       |       |       |       |     3 |     6 |     6 |       ||    15
       Iron Shot         |       |       |       |       |       |     6 |    12 |       ||    18
       Sublimation of Bl |       |       |       |       |       |    18 |    79 |       ||    97
       Summon Butterflie |       |       |       |       |       |       |     1 |       ||     1
 Abil: Breathe Fire      |       |       |    11 |     7 |     9 |    25 |     3 |       ||    55
       Evoke Berserk Rag |       |       |     1 |     1 |       |       |       |       ||     2
Evoke: Wand              |       |       |       |     9 |    11 |    24 |     3 |       ||    47
  Use: Scroll            |       |     7 |     3 |    13 |    13 |    11 |     6 |     1 ||    54
       Potion            |       |       |     2 |     2 |     2 |     1 |     2 |       ||     9
 Stab: Sleeping          |       |     3 |    10 |    11 |    49 |    59 |    26 |     1 ||   159
       Petrified         |       |       |    20 |    58 |   115 |   175 |    83 |     2 ||   453
       Petrifying        |       |       |     2 |       |    13 |    27 |     9 |     3 ||    54
       Distracted        |       |       |       |       |     1 |     2 |     2 |       ||     5
       Betrayed ally     |       |       |       |       |       |     1 |       |       ||     1
       Invisible         |       |       |       |       |       |     1 |     2 |       ||     3
       Confused          |       |       |       |       |       |     1 |       |       ||     1
  Eat: Chunk             |     2 |    10 |    15 |    33 |    64 |    40 |    47 |     3 ||   214
       Ration            |       |       |     2 |     3 |     3 |    12 |     2 |     1 ||    23
Armor: Skin              |     5 |    35 |    61 |    94 |   182 |   223 |   125 |     6 ||   731
Dodge: Dodged            |    24 |    64 |   218 |   383 |   697 |  1027 |   474 |    25 ||  2912
       Deflected         |       |       |       |       |     2 |       |       |       ||     2
Block: Buckler           |       |       |    37 |   104 |   239 |   267 |   128 |     7 ||   782
       Reflection        |       |       |       |       |       |    39 |    18 |     2 ||    59
       Rpst.: Long sword |       |    12 |     6 |       |       |       |       |       ||    18
       Falchion          |       |       |     1 |    60 |     7 |       |       |       ||    68
       Scimitar          |       |       |       |    23 |       |       |       |       ||    23

Table legend:
 A = Non-vault XP
 B = Vault XP
 C = Vault XP percentage of total XP
 D = Non-vault monster count
 E = Vault monster count
 F = Vault count percentage of total count
                 A         B        C        D         E       F
            +---------+---------+-------+---------+---------+-------
      Total |  317982 |  284522 |  47.2 |     983 |     450 |  31.4
            +---------+---------+-------+---------+---------+-------
        D:1 |      33 |       2 |   5.7 |      16 |       2 |  11.1
        D:2 |      62 |       8 |  11.4 |      13 |       3 |  18.8
        D:3 |      77 |      11 |  12.5 |      23 |       3 |  11.5
        D:4 |     411 |       0 |   0.0 |      19 |       0 |   0.0
        D:5 |    1032 |      32 |   3.0 |      22 |       1 |   4.3
        D:6 |     578 |       0 |   0.0 |      21 |       0 |   0.0
        D:7 |     776 |       0 |   0.0 |      22 |       0 |   0.0
        D:8 |    1596 |    2170 |  57.6 |      28 |       8 |  22.2
        D:9 |    1751 |    4741 |  73.0 |      33 |      15 |  31.2
       D:10 |    2405 |     999 |  29.3 |      33 |       5 |  13.2
       D:11 |    5728 |    2364 |  29.2 |      32 |       8 |  20.0
       D:12 |    5484 |    4037 |  42.4 |      24 |       5 |  17.2
       D:13 |    4223 |     907 |  17.7 |      25 |      17 |  40.5
       D:14 |   13161 |   10065 |  43.3 |      36 |      13 |  26.5
       D:15 |   11943 |    2207 |  15.6 |      29 |       3 |   9.4
     Lair:1 |    4089 |     264 |   6.1 |      13 |       1 |   7.1
     Lair:2 |    3292 |    1095 |  25.0 |      16 |       5 |  23.8
     Lair:3 |    3249 |    2301 |  41.5 |      18 |       9 |  33.3
     Lair:4 |    4593 |     901 |  16.4 |      16 |       2 |  11.1
     Lair:5 |    6472 |       0 |   0.0 |      19 |       0 |   0.0
     Lair:6 |   13096 |    8374 |  39.0 |      43 |      19 |  30.6
   Shoals:1 |   10319 |       0 |   0.0 |      27 |       0 |   0.0
   Shoals:2 |   13559 |   14235 |  51.2 |      29 |      16 |  35.6
   Shoals:3 |    7465 |    7056 |  48.6 |      15 |      14 |  48.3
   Shoals:4 |   10848 |   20727 |  65.6 |      25 |      28 |  52.8
    Snake:1 |   11781 |   11298 |  49.0 |      23 |      20 |  46.5
    Snake:2 |   24401 |   11730 |  32.5 |      54 |      26 |  32.5
    Snake:3 |   15488 |     142 |   0.9 |      26 |       1 |   3.7
    Snake:4 |   17875 |   24431 |  57.7 |      33 |      40 |  54.8
      Orc:1 |    2563 |    1649 |  39.2 |      29 |       8 |  21.6
      Orc:2 |    2289 |    7044 |  75.5 |      19 |      19 |  50.0
      Elf:1 |   12475 |    5675 |  31.3 |      22 |      11 |  33.3
      Elf:2 |    8614 |   21718 |  71.6 |      14 |      29 |  67.4
      Elf:3 |    8903 |   50701 |  85.1 |      18 |      35 |  66.0
   Vaults:1 |   21448 |   32282 |  60.1 |      37 |      43 |  53.8
   Vaults:2 |   64544 |   34749 |  35.0 |     109 |      40 |  26.8
   Vaults:3 |    1359 |     607 |  30.9 |       2 |       1 |  33.3
            +---------+---------+-------+---------+---------+-------
